 Dungeon Crawl Stone Soup version 0.21.0-3-g78d12a8 (webtiles) character file.

3574 teukkam the Fighter (level 10, 0/85 HPs)
             Began as a Gnoll Wanderer on Jan 11, 2018.
             Was a Follower of Ru.
             Slain by an orc knight
             ... wielding a +0 war axe
              (10 damage)
             ... in a bailey on Jan 12, 2018.
             The game lasted 00:32:14 (5470 turns).

teukkam the Fighter (Gnoll Wanderer)                Turns: 5470, Time: 00:32:15

Health: 0/85       AC: 18    Str: 19    XL:     10   Next: 10%
Magic:  17/17      EV:  8    Int: 15    God:    Ru [*.....]
Gold:   334        SH:  0    Dex: 19    Spells: 18/18 levels left

rFire    . . .     SeeInvis +   n - +3 quarterstaff of Dishonesty {venom, *Contam rC+++ MR- Stlth+}
rCold    + + +     Gourm    .   (shield currently unavailable)
rNeg     . . .     Faith    .   m - +1 plate armour of the Lich-sworn {Dex+4 SInv} (curse)
rPois    .         Spirit   .   o - +0 helmet (curse)
rElec    .         Reflect  .   (no cloak)
rCorr    .         Harm     .   B - +1 pair of gloves
MR       .....                  u - +0 pair of boots
Stlth    ..........             (no amulet)
HPRegen  0.24/turn              v - +2 ring of dexterity
MPRegen  0.15/turn              (no ring)

@: no status effects
A: distributed training, fangs 1, missing an eye, strong nose
a: Renounce Religion


You were in a bailey.
You worshipped Ru.
Ru was aware of your devotion.
You were not hungry.

You visited 2 branches of the dungeon, and saw 8 of its levels.
You also visited: Bailey.

You collected 334 gold pieces.

Inventory:

Hand Weapons
 a - the +11 mace "Rummage" {crush, rN+ Str+2 Dex+4 Stlth+}
   (You took it off an orc on level 5 of the Dungeon)

   It inflicts extra damage upon your enemies.
   It affects your strength (+2).
   It affects your dexterity (+4).
   It protects you from negative energy.
   It makes you more stealthy.
 i - a +0 club
 n - the +3 quarterstaff of Dishonesty (weapon) {venom, *Contam rC+++ MR- Stlth+}
   (You found it in a bailey)

   It poisons the flesh of those it strikes.
   It renders you almost immune to cold.
   It affects your resistance to hostile enchantments.
   It causes magical contamination when unequipped.
   It makes you more stealthy.
 q - a +1 spear of freezing
 E - a +0 dagger of venom
Missiles
 e - 4 silver tomahawks (quivered)
 G - 19 poisoned needles
Armour
 h - +0 swamp dragon scales
 m - the cursed +1 plate armour of the Lich-sworn (worn) {Dex+4 SInv}
   (You took it off an orc in a bailey)

   It affects your dexterity (+4).
   It lets you see invisible.
   It has a curse placed upon it.
 o - a cursed +0 helmet (worn)
 u - a +0 pair of boots (worn)
 y - a +0 shield
 B - a +1 pair of gloves (worn)
Jewellery
 v - a +2 ring of dexterity (left hand)
Wands
 d - a wand of enslavement (7)
 D - a wand of digging (11)
Scrolls
 b - a scroll of teleportation
 g - 2 scrolls of magic mapping
 k - 4 scrolls of amnesia
 l - 3 scrolls of identify
 t - 2 scrolls of remove curse
 A - a scroll of blinking {unknown}
 F - a scroll of enchant armour {unknown}
Potions
 j - 2 potions of mutation
 p - a potion of brilliance {unknown}
 r - a potion of might {unknown}
 s - 2 potions of ambrosia {unknown}
 w - 2 potions of resistance
 x - 2 potions of degeneration {unknown}
 z - 2 potions of cancellation {unknown}
 C - 3 potions of heal wounds {unknown}
Comestibles
 f - 12 rations


   Skills:
 + Level 9.8 Fighting
 + Level 4.8 Short Blades
 + Level 4.8 Long Blades
 + Level 6.7 Axes
 + Level 4.8 Maces & Flails
 + Level 4.8 Polearms
 + Level 4.8 Staves
 + Level 4.8 Slings
 + Level 4.8 Bows
 + Level 4.8 Crossbows
 + Level 4.8 Throwing
 + Level 6.7 Armour
 + Level 4.8 Dodging
 + Level 4.8 Stealth
 + Level 5.5 Shields
 + Level 4.8 Unarmed Combat
 + Level 4.8 Spellcasting
 + Level 4.0 Conjurations
 + Level 4.0 Hexes
 + Level 4.0 Charms
 + Level 4.0 Summonings
 + Level 4.0 Necromancy
 + Level 4.0 Translocations
 + Level 4.0 Transmutations
 + Level 4.0 Fire Magic
 + Level 4.0 Ice Magic
 + Level 4.0 Air Magic
 + Level 4.0 Earth Magic
 + Level 4.0 Poison Magic
 + Level 5.3 Invocations
 + Level 5.5 Evocations


You had 18 spell levels left.
You didn't know any spells.

Dungeon Overview and Level Annotations

Branches:
Dungeon (7/15)             Temple (1/1) D:5

Altars:
Ashenzari
Cheibriados
Dithmenos
Elyvilon
Fedhas
Gozag
Hepliaklqana
Kikubaaqudgha
Makhleb
Nemelex Xobeh
Qazlal
Ru
Trog
Wu Jian
Xom
Yredelemnul
Zin


Innate Abilities, Weirdness & Mutations

Your experience applies equally to all skills.
You have very sharp teeth.
You are missing an eye, making it more difficult to aim.
Your uncanny sense of smell can sniff out nearby items.


Message History

* * * LOW HITPOINT WARNING * * *
You feel better. The orc knight barely misses you.
The orc warrior barely misses you.
You hit the orc knight but do no damage.
The orc knight looks as sick as possible!
Your bite misses the orc knight.
The orc knight is moderately wounded.
The orc knight hits you but does no damage.
You hit the orc knight but do no damage.
The orc knight looks as sick as possible!
Your bite misses the orc knight.
The orc knight is moderately wounded.
The orc warrior hits you with a war axe!
* * * LOW HITPOINT WARNING * * *
The orc knight is stunned by your will and fails to attack.
You feel better.
The orc warrior hits you with a war axe!
* * * LOW HITPOINT WARNING * * *
The orc knight hits you with a war axe!
You die...

#)8)..#.....# ..8.# ≈
#.....####### ....# ≈≈
#.8)###########.8.# ≈≈≈
#.................# ≈≈≈≈
#.8)............8.#.≈≈≈≈
'..)...)._........'.≈≈≈≈
##)#........)..#'##.≈≈≈
#).#############oo# ≈
#..#....'.'...?#@)#
#..#....#.#....#..#
#..######.######..#
#..'^....∩.....'..#
#########.#########
...#[[..#.#..).#
...#[...'.'..))#
#..#############
'..#.....∩.....#


You could see an orc knight and an orc warrior.

Vanquished Creatures
  An orc knight (Bailey)
  2 kobold demonologists (Bailey)
  A hungry ghost (D:7)
  A water moccasin (D:7)
  7 orc warriors
  2 sky beasts (D:6)
  2 ogres
  3 necrophages
  A phantom (D:7)
  A scorpion (D:6)
  3 wights (D:7)
  2 crimson imps
  2 hounds
  A jelly (D:7)
  2 orc priests
  4 orc wizards
  A bullfrog skeleton (D:5)
  An iguana (D:7)
  5 worker ants
  A hound skeleton (D:7)
  A worker ant zombie (D:5)
  4 gnolls (Bailey)
  8 adders
  3 shadow imps (D:5)
  An ooze (D:2)
  An adder zombie (D:6)
  A worm (D:4)
  2 dart slugs (D:1)
  5 leopard geckos
  31 orcs
  A ball python (D:7)
  4 bats
  2 giant cockroaches
  18 goblins
  10 hobgoblins
  6 jackals
  3 quokkas
  4 frilled lizards
  7 kobolds
  7 rats
162 creatures vanquished.

Vanquished Creatures (collateral kills)
  3 orc priests (D:3)
  An iguana (D:5)
  3 orcs (D:3)
  A quokka (D:5)
8 creatures vanquished.

Grand Total: 170 creatures vanquished

Notes
Turn   | Place    | Note
-------+----------+-------------------------------------------
     0 | D:1      | teukkam the Gnoll Wanderer began the quest for the Orb.
     0 | D:1      | teukkam set off with: a wand of enslavement (15), a +0 ring mail, a potion of curing, a +0 club, a ration
     0 | D:1      | Reached XP level 1. HP: 26/26 MP: 2/2
   134 | D:1      | Reached XP level 2. HP: 33/33 MP: 3/3
   479 | D:1      | Reached XP level 3. HP: 34/38 MP: 4/4
   804 | D:2      | Reached skill level 1 in Invocations
   873 | D:2      | Reached skill level 1 in Short Blades
   873 | D:2      | Reached skill level 1 in Long Blades
   873 | D:2      | Reached skill level 1 in Maces & Flails
   873 | D:2      | Reached skill level 1 in Polearms
   873 | D:2      | Reached skill level 1 in Staves
   873 | D:2      | Reached skill level 1 in Slings
   873 | D:2      | Reached skill level 1 in Bows
   873 | D:2      | Reached skill level 1 in Crossbows
   873 | D:2      | Reached skill level 1 in Throwing
   873 | D:2      | Reached skill level 1 in Dodging
   873 | D:2      | Reached skill level 1 in Stealth
   873 | D:2      | Reached skill level 1 in Unarmed Combat
   873 | D:2      | Reached skill level 1 in Spellcasting
   898 | D:2      | Reached XP level 4. HP: 45/45 MP: 6/6
  1263 | D:3      | Reached skill level 1 in Conjurations
  1263 | D:3      | Reached skill level 1 in Hexes
  1263 | D:3      | Reached skill level 1 in Charms
  1263 | D:3      | Reached skill level 1 in Summonings
  1263 | D:3      | Reached skill level 1 in Necromancy
  1263 | D:3      | Reached skill level 1 in Translocations
  1263 | D:3      | Reached skill level 1 in Transmutations
  1263 | D:3      | Reached skill level 1 in Fire Magic
  1263 | D:3      | Reached skill level 1 in Ice Magic
  1263 | D:3      | Reached skill level 1 in Air Magic
  1263 | D:3      | Reached skill level 1 in Earth Magic
  1263 | D:3      | Reached skill level 1 in Poison Magic
  1293 | D:3      | Found a burning altar of Makhleb.
  1368 | D:5      | Entered Level 5 of the Dungeon
  1393 | D:4      | Reached XP level 5. HP: 49/51 MP: 7/7
  1681 | D:4      | Noticed an ogre
  1754 | D:5      | Reached XP level 6. HP: 52/57 MP: 8/8
  2038 | D:4      | Reached skill level 5 in Axes
  2038 | D:4      | Reached skill level 5 in Armour
  2214 | D:3      | Reached XP level 7. HP: 29/63 MP: 10/10
  2612 | D:5      | Found a staircase to the Ecumenical Temple.
  2712 | Temple   | Entered the Ecumenical Temple
  2916 | Temple   | Became a worshipper of Ru the Awakened
  3080 | D:5      | Got an ichor-stained mace {crush}
  3081 | D:5      | Identified the +11 mace "Rummage" {crush, rN+ Str+2 Dex+4 Stlth+} (You took it off an orc on level 5 of the Dungeon)
  3411 | D:5      | Reached skill level 9 in Fighting
  3671 | D:6      | Found a basalt altar of Yredelemnul.
  3685 | D:6      | Reached XP level 8. HP: 71/71 MP: 12/12
  3810 | D:6      | Gained mutation: You are missing an eye, making it more difficult to aim. [Ru sacrifice]
  3810 | D:6      | Reached * piety under Ru
  4329 | D:7      | Reached XP level 9. HP: 57/76 MP: 14/14
  4490 | D:7      | Found a flagged portal.
  4496 | Bailey   | Entered a bailey
  4677 | Bailey   | Noticed a kobold demonologist
  4677 | Bailey   | Noticed a kobold demonologist
  4687 | Bailey   | Noticed an ice devil
  4694 | Bailey   | Noticed a rust devil
  4699 | Bailey   | Noticed a red devil
  4701 | Bailey   | Noticed a red devil
  4721 | Bailey   | Killed a kobold demonologist
  4721 | Bailey   | Reached skill level 5 in Shields
  4721 | Bailey   | Reached skill level 5 in Evocations
  4749 | Bailey   | Killed a kobold demonologist
  4820 | Bailey   | Found an iron altar of Okawaru.
  4877 | Bailey   | Got a bloodstained plate armour
  4890 | Bailey   | Identified the cursed +1 plate armour of the Lich-sworn {Dex+4 SInv} (You took it off an orc in a bailey)
  4923 | Bailey   | Reached skill level 5 in Invocations
  4958 | Bailey   | Noticed an orc knight
  4999 | Bailey   | Killed an orc knight
  4999 | Bailey   | Reached XP level 10. HP: 32/84 MP: 15/17
  5365 | Bailey   | Got an iridescent quarterstaff
  5371 | Bailey   | Identified the +3 quarterstaff of Dishonesty {venom, *Contam rC+++ MR- Stlth+} (You found it in a bailey)
  5457 | Bailey   | Noticed an orc knight
  5470 | Bailey   | Slain by an orc knight

Skill      XL: |  1  2  3  4  5  6  7  8  9 10 |
---------------+-------------------------------+-----
Invocations    | 1 2 3 4 5 |  5.3
Short Blades   | 1 2 3 4 |  4.8
Long Blades    | 1 2 3 4 |  4.8
Maces & Flails | 1 2 3 4 |  4.8
Polearms       | 1 2 3 4 |  4.8
Staves         | 1 2 3 4 |  4.8
Slings         | 1 2 3 4 |  4.8
Bows           | 1 2 3 4 |  4.8
Crossbows      | 1 2 3 4 |  4.8
Throwing       | 1 2 3 4 |  4.8
Dodging        | 1 2 3 4 |  4.8
Stealth        | 1 2 3 4 |  4.8
Unarmed Combat | 1 2 3 4 |  4.8
Spellcasting   | 1 2 3 4 |  4.8
Conjurations   | 1 2 3 4 |  4.0
Hexes          | 1 2 3 4 |  4.0
Charms         | 1 2 3 4 |  4.0
Summonings     | 1 2 3 4 |  4.0
Necromancy     | 1 2 3 4 |  4.0
Translocations | 1 2 3 4 |  4.0
Transmutations | 1 2 3 4 |  4.0
Fire Magic     | 1 2 3 4 |  4.0
Ice Magic      | 1 2 3 4 |  4.0
Air Magic      | 1 2 3 4 |  4.0
Earth Magic    | 1 2 3 4 |  4.0
Poison Magic   | 1 2 3 4 |  4.0
Shields        | 3 4 5 |  5.5
Evocations     | 3 4 5 |  5.5
Axes           | 5 6 |  6.7
Armour         | 5 6 |  6.7
Fighting       | 9 |  9.8

Action                   |  1- 3 |  4- 6 |  7- 9 | 10-12 || total
-------------------------+-------+-------+-------+-------++-------
Melee: Club              |    27 |     6 |       |       ||    33
       Bite              |     5 |    14 |    35 |     5 ||    59
       Spear             |    62 |    39 |       |       ||   101
       Punch             |     1 |       |       |       ||     1
       Dagger            |       |    72 |    78 |       ||   150
       Mace              |       |       |   209 |    22 ||   231
       Quarterstaff      |       |       |       |     8 ||     8
Throw: Tomahawk          |       |       |    11 |       ||    11
Invok: Sacrifice an Eye  |       |       |     1 |       ||     1
Evoke: Wand              |       |     2 |     6 |       ||     8
  Use: Scroll            |       |       |    10 |     1 ||    11
       Potion            |       |       |     1 |     7 ||     8
 Stab: Sleeping          |       |     1 |     6 |       ||     7
       Distracted        |       |       |     2 |       ||     2
  Eat: Chunk             |       |     2 |     7 |     1 ||    10
       Ration            |       |     1 |     1 |     1 ||     3
Armor: Swamp dragon scal |    45 |    37 |    68 |       ||   150
       Ring mail         |     3 |       |       |       ||     3
       Skin              |       |       |     7 |       ||     7
       Plate armour      |       |       |     5 |    17 ||    22
Dodge: Dodged            |    45 |    57 |    89 |    10 ||   201
Block: Shield            |       |       |   117 |    11 ||   128
